 Dungeon Crawl Stone Soup version 0.25-a0-547-g27a0b5d1ef (webtiles) character file.

Game seed: 8224659409702657325, levelgen mode: deterministic

2177 Emblim88 the Skirmisher (level 9, -6/78 HPs)
             Began as a Minotaur Abyssal Knight on Feb 22, 2020.
             Was an Elder of Lugonu.
             Killed by divine providence
             ... invoked by an orc priest
              (10 damage)
             ... on level 6 of the Dungeon.
             The game lasted 00:14:37 (6529 turns).

Emblim88 the Skirmisher (Minotaur Abyssal Knight)   Turns: 6529, Time: 00:14:37

Health: -6/78      AC: 12    Str: 21    XL:     9   Next: 11%
Magic:  20/20      EV: 11    Int:  9    God:    Lugonu [****..]
Gold:   393        SH:  2    Dex:  9    Spells: 8/8 levels left

rFire    x . .     SeeInvis .   r - +4 falchion (drain)
rCold    + + .     Gourm    .   (no shield)
rNeg     . . .     Faith    .   H - -2 ice dragon scales
rPois    .         Spirit   .   (helmet restricted)
rElec    .         Reflect  +   (no cloak)
rCorr    .         Harm     .   s - +2 pair of gloves
MR       .....                  (no boots)
Stlth    ..........             p - +2 amulet of reflection
HPRegen  0.23/turn              n - +1 ring of slaying
MPRegen  0.17/turn              w - ring of magical power

@: no status effects
A: retaliatory headbutt, horns 2
a: Depart the Abyss, Bend Space, Banish, Corrupt, Renounce Religion


You were on level 6 of the Dungeon.
You worshipped Lugonu.
Lugonu was greatly pleased with you.
You were not hungry.

You visited 1 branch of the dungeon, and saw 6 of its levels.
You visited the Abyss 1 time.
You also visited: Ossuary.

You collected 498 gold pieces.
You spent 105 gold pieces at shops.

Inventory:

Hand Weapons
 a - a +1 spear
 d - a +0 hunting sling
 r - a +4 falchion of draining (weapon)
Missiles
 j - 190 stones (quivered)
 l - 37 poisoned darts
 m - 10 atropa-tipped darts
 t - 2 throwing nets
 u - 4 javelins
Armour
 s - a +2 pair of gloves (worn)
 H - -2 ice dragon scales (worn)
Jewellery
 n - a +1 ring of slaying (left hand)
 p - a +2 amulet of reflection (around neck)
 w - a ring of magical power (right hand)
Wands
 o - a wand of acid (14)
 x - a wand of iceblast (7)
 I - a wand of polymorph (6)
Scrolls
 e - 2 scrolls of noise
 f - 2 scrolls of fog
 g - 2 scrolls of fear
 h - 4 scrolls of remove curse
 v - 3 scrolls of magic mapping
 y - 2 scrolls of teleportation
 B - 2 scrolls of blinking
Potions
 b - 4 potions of invisibility {unknown}
 i - 6 potions of curing
 q - 5 potions of resistance {unknown}
 z - a potion of mutation {unknown}
 A - 3 potions of haste {unknown}
 C - a potion of might {unknown}
 D - 2 potions of brilliance {unknown}
 E - 2 potions of degeneration {unknown}
 F - a potion of heal wounds {unknown}
 G - 3 potions of flight {unknown}
Comestibles
 c - 15 rations
 k - 5 chunks of flesh


   Skills:
 + Level 6.8 Fighting
 + Level 4.8 Long Blades
 - Level 5.5 Polearms
 + Level 6.4 Armour
 + Level 5.3 Dodging
 + Level 5.1 Invocations
 + Level 3.0 Evocations


You had 8 spell levels left.
You didn't know any spells.
Your spell library contained the following spells:

 Spells                   Type           Power        Failure   Level  Hunger
 Confusing Touch          Hex            #.......     98%         3    ####...
 Gell's Gravitas          Tloc           #.........   98%         3    ####...
 Petrify                  Tmut/Erth      #.......     100%        4    #####..
 Metabolic Englaciation   Hex/Ice        #.........   100%        5    ######.
 Yara's Violent Unravell  Hex/Tmut       #.........   100%        5    ######.


Dungeon Overview and Level Annotations

Branches:
Dungeon (6/15)             Temple (0/1) D:5         Ossuary (visited)

Altars:
Cheibriados
Dithmenos
Kikubaaqudgha
Okawaru
Ru
Uskayaw
Zin

Shops:
D:4 %*(*


Innate Abilities, Weirdness & Mutations

You reflexively headbutt those who attack you in melee.
You have a pair of horns on your head.


Message History

You writhe in agony.
Edmund hits you but does no damage.
You slash Edmund!
You kill Edmund!
Lugonu accepts your kill.
The orc priest calls down the wrath of Beogh upon you.
Beogh smites you! The orc warrior barely misses you.
You slash the orc!
The orc is almost dead.
The orc priest invokes the aid of Beogh against you.
Beogh smites you! The orc warrior barely misses you. The orc barely misses you.
You hit the orc.
You kill the orc!
Lugonu accepts your kill.
The orc warrior hits you from afar with a +1 halberd of pain!!
* * * LOW HITPOINT WARNING * * *
You writhe in agony.
* * * LOW HITPOINT WARNING * * *
The orc priest calls down the wrath of Beogh upon you.
Beogh smites you!
You die...

*,*******,*********,* **,**
**,******,,,***** *,******,*,**
*,,,,,,,,,,,,,,,****,*,,,,,***,*
*,,*****,,,,,,,,,,,,,,,****,*,**
*,,,,* *,,,,,****,#*,**** **,**
**,,*,* **,,,** #.#*...,****,**
,,,,*,* ***** ###.##..#,,,,,,,*
**,**,* #........,****,,* *<**,*
#@#..o,**** *,,* *,**,* #.#ho#**
*,,** *,**,* #o#.o# *,,,* **,**,*
##o#).# *,,** ,,,**,* ####.h...#
**,,** *****,***
#........######**,,,,, ***,,,,,*
#.##...........**,,,,,
,,,,,,,,***#..............,,,*,**
***,,,,,,<...###.########.****,*


You could see an orc warrior, a black bear and an orc priest.

Vanquished Creatures
  Menkaure (D:4)
  Edmund (D:6)
  2 ice beasts
  3 sky beasts
  2 phantoms (D:5)
  An ogre (D:4)
  An elf zombie (D:6)
  An elf skeleton (D:6)
  A bullfrog (D:6)
  A water moccasin zombie (D:3)
  A howler monkey (D:6)
  A crimson imp (D:5)
  A hound (D:5)
  A bullfrog skeleton (D:5)
  4 orc priests
  9 orc wizards
  A worker ant (D:4)
  A big kobold zombie (Ossuary)
  A hound zombie (D:4)
  8 mummies (Ossuary)
  4 gnolls (D:3)
  2 howler monkey skeletons (D:5)
  9 adders
  2 oozes
  2 adder skeletons (D:5)
  6 worms
  A dart slug (D:2)
  7 leopard geckos
  27 orcs
  A ball python (D:1)
  7 giant cockroaches
  A gnoll zombie (Ossuary)
  10 goblins
  13 hobgoblins
  8 jackals
  3 kobolds
  6 quokkas
  8 bats
  4 frilled lizards
  2 hobgoblin zombies (Ossuary)
  4 kobold zombies (Ossuary)
  3 orc skeletons (D:6)
  An orc zombie (D:6)
  9 rats
182 creatures vanquished.

Notes
Turn   | Place    | Note
-------+----------+-------------------------------------------
     0 | Abyss:1  | Emblim88 the Minotaur Abyssal Knight began the quest for
                  | the Orb.
     0 | Abyss:1  | Reached XP level 1. HP: 19/19 MP: 1/1
    62 | Abyss:1  | Noticed a worldbinder
    63 | D:1      | Escaped the Abyss
   225 | D:1      | Reached XP level 2. HP: 23/27 MP: 2/2
   248 | D:1      | Reached * piety under Lugonu
  1126 | D:2      | Reached XP level 3. HP: 33/33 MP: 3/3
  1314 | D:2      | Found a shadowy altar of Dithmenos.
  1699 | D:2      | Reached XP level 4. HP: 36/40 MP: 4/4
  2115 | D:2      | Found an ancient bone altar of Kikubaaqudgha.
  2444 | D:3      | Found a hide-covered altar of Uskayaw.
  2542 | D:3      | Reached ** piety under Lugonu
  2578 | D:3      | Found an iron altar of Okawaru.
  2617 | D:3      | Noticed a sky beast
  2625 | D:3      | Killed a sky beast
  2625 | D:3      | Reached skill level 1 in Long Blades
  2625 | D:3      | Reached XP level 5. HP: 42/47 MP: 6/6
  2693 | D:3      | Reached XP level 6. HP: 46/55 MP: 7/7
  3061 | D:3      | Reached skill level 5 in Fighting
  3150 | D:3      | Reached *** piety under Lugonu
  3635 | D:4      | Reached XP level 7. HP: 46/61 MP: 8/8
  3713 | D:4      | Noticed Menkaure
  3726 | D:4      | Killed Menkaure
  4192 | D:4      | Found Xuafid's Assorted Antiques.
  4248 | D:4      | Found Zoif's Weapon Shop.
  4283 | D:4      | Found Puzis's General Store.
  4296 | D:4      | Bought a scroll of teleportation for 30 gold pieces
  4296 | D:4      | Bought a scroll of blinking for 75 gold pieces
  4329 | D:4      | Reached skill level 1 in Evocations
  4417 | D:4      | Found a glowing silver altar of Zin.
  4569 | D:4      | Found Unkyom Edgha's Food Shoppe.
  4755 | D:5      | Entered Level 5 of the Dungeon
  4766 | D:5      | Reached skill level 5 in Polearms
  4766 | D:5      | Reached skill level 5 in Armour
  4870 | D:5      | Found a staircase to the Ecumenical Temple.
  4946 | D:5      | Reached **** piety under Lugonu
  4950 | D:5      | Reached XP level 8. HP: 70/70 MP: 10/10
  5021 | D:5      | Found a sacrificial altar of Ru.
  6014 | D:6      | Found a snail-covered altar of Cheibriados.
  6042 | D:6      | Found a sand-covered staircase.
  6059 | Ossuary  | Entered an ossuary
  6111 | Ossuary  | Reached skill level 5 in Dodging
  6462 | D:6      | Reached skill level 5 in Invocations
  6462 | D:6      | Reached XP level 9. HP: 78/78 MP: 11/11
  6488 | D:6      | Noticed Edmund
  6525 | D:6      | Killed Edmund
  6527 | D:6      | HP: 3/78 [orc warrior/+1 halberd of pain (1)]
  6529 | D:6      | Killed from afar by an orc priest

Levels and vault maps discovered:
D:1:      dpeg_arrival_fog, layout_loops_corners
D:2:      layout_basic, kiku_gazebo_pond_becter, overflow_temple_1_default,
          grunt_decor_cap, minmay_joined_circles
D:3:      minmay_diamond_boxcup, layout_loops_ring, overflow_temple_1_default,
          okawaru_ov_weapons_minmay, minmay_misc_feat_chi,
          kennysheep_generic_room_6
D:4:      layout_gridville, lemuel_doored_altar, first_ration, serial_glass,
          glass_columns_c, glass_columns_b, serial_shops, shop, shop,
          nicolae_shop_trees, nicolae_shop_behind_doors, grunt_ministairs_14,
          uniq_menkaure
D:5:      layout_layer_cave, nicolae_ru_sacrificial_ziggurat,
          minmay_temple_entry_wispy, chequers_hall_statues_wall_a
D:6:      layout_loops_ring, nicolae_overflow_crystal_walls, serial_shops, shop,
          nicolae_ossuary_entry_catacombs, uniq_edmund, uniq_duvessa,
          uniq_crazy_yiuf_cottage, uniq_grinder

Skill      XL: |  1  2  3  4  5  6  7  8  9 |
---------------+----------------------------+-----
Invocations    | 2 3 4 5 |  5.1
Fighting       | 4 5 6 |  6.8
Polearms       | 3 4 5 |  5.5
Armour         | 3 4 5 6 |  6.4
Dodging        | 2 3 4 5 |  5.3
Long Blades    | 1 2 3 4 |  4.8
Evocations     | 1 2 3 |  3.0

Action                   |  1- 3 |  4- 6 |  7- 9 || total
-------------------------+-------+-------+-------++-------
Melee: Spear             |    97 |    59 |       ||   156
       Headbutt          |     9 |    30 |    50 ||    89
       Falchion          |       |   114 |   237 ||   351
Throw: Stone             |     2 |       |       ||     2
Invok: Depart the Abyss  |     1 |       |       ||     1
       Bend Space        |       |     2 |       ||     2
  Use: Scroll            |       |     4 |     6 ||    10
       Potion            |       |       |     1 ||     1
  Eat: Chunk             |     1 |     8 |     7 ||    16
       Ration            |       |       |     1 ||     1
Armor: Leather armour    |     7 |       |       ||     7
       Chain mail        |    20 |    87 |    61 ||   168
       Ice dragon scales |       |       |    98 ||    98
Dodge: Dodged            |    38 |    82 |   145 ||   265
Block: Other             |       |       |     7 ||     7
       Rpst.: Falchion   |       |    15 |    48 ||    63

Table legend:
 A = Non-vault XP
 B = Vault XP
 C = Vault XP percentage of total XP
 D = Non-vault monster count
 E = Vault monster count
 F = Vault count percentage of total count
                 A         B        C        D         E       F
            +---------+---------+-------+---------+---------+-------
      Total |    2239 |     871 |  28.0 |     135 |      47 |  25.8
            +---------+---------+-------+---------+---------+-------
        D:1 |      40 |       0 |   0.0 |      22 |       0 |   0.0
        D:2 |      90 |      29 |  24.4 |      13 |       9 |  40.9
        D:3 |     455 |      92 |  16.8 |      44 |      13 |  22.8
        D:4 |     282 |     216 |  43.4 |      14 |       2 |  12.5
        D:5 |     816 |       0 |   0.0 |      31 |       0 |   0.0
        D:6 |     556 |     355 |  39.0 |      11 |       7 |  38.9
    Ossuary |       0 |     179 | 100.0 |       0 |      16 | 100.0
            +---------+---------+-------+---------+---------+-------
